 Dungeon Crawl Stone Soup version 0.23.2-40-g277498a001 (webtiles) character file.

Game seed: 12816858783177870870

37 Glamhuggeren the Skirmisher (level 3, -3/29 HPs)
             Began as a Demonspawn Abyssal Knight on Oct 2, 2019.
             Was a Follower of Lugonu.
             Slain by a worm (9 damage)
             ... on level 2 of the Dungeon on Oct 3, 2019.
             The game lasted 00:07:43 (1062 turns).

Glamhuggeren the Skirmisher (DsAK)                  Turns: 1062, Time: 00:07:44

Health: -3/29      AC:  5    Str: 11 (13) XL:     3   Next: 23%
Magic:  5/5        EV: 11    Int: 12 (13) God:    Lugonu [*.....]
Gold:   167        SH:  0    Dex: 10 (12) Spells: 2/2 levels left

rFire    . . .     SeeInvis .   l - -1 hand axe (curse)
rCold    . . .     Gourm    .   (no shield)
rNeg     . . .     Faith    .   b - +0 leather armour
rPois    .         Spirit   .   (no helmet)
rElec    .         Reflect  .   (no cloak)
rCorr    .         Harm     .   (no gloves)
MR       .....                  (no boots)
Stlth    +.........             (no amulet)
HPRegen  0.09/turn              (no ring)
MPRegen  0.09/turn              (no ring)

@: no status effects
A: molten scales 1, powered by pain 1
a: Depart the Abyss, Renounce Religion


You were on level 2 of the Dungeon.
You worshipped Lugonu.
Lugonu was aware of your devotion.
You were hungry.

You visited 1 branch of the dungeon, and saw 2 of its levels.
You visited the Abyss 1 time.

You collected 167 gold pieces.

Inventory:

Hand Weapons
 a - a +1 falchion
 d - a +2 dagger of flaming
 l - a cursed -1 hand axe (weapon)
Missiles
 h - 4 tomahawks
 i - 48 stones (quivered)
Armour
 b - a +0 leather armour (worn)
Scrolls
 f - a scroll of enchant armour {unknown}
 j - a scroll of magic mapping {unknown}
 k - 2 scrolls of identify {unknown}
Potions
 m - a potion of curing {unknown}
Comestibles
 c - 3 rations
 g - 7 chunks of flesh


   Skills:
 + Level 3.2 Fighting
 * Level 2.5 Long Blades
 + Level 2.2 Armour
 - Level 1.0 Dodging
 - Level 3.0 Invocations


You had 2 spell levels left.
You didn't know any spells.
Your spell library was empty.

Dungeon Overview and Level Annotations

Branches:
Dungeon (2/15)

Altars:
Xom


Innate Abilities, Weirdness & Mutations

You are partially covered in molten scales. (AC +2)
You sometimes gain a little power by taking damage.


Message History

You completely miss the worm.
The worm is lightly wounded.
The worm misses you.
You barely miss the worm.
The worm is lightly wounded.
The worm closely misses you.
You barely miss the worm.
The worm is lightly wounded.
The worm misses you.
You hit the worm.
The worm is lightly wounded.
You hit the worm but do no damage.
The worm is lightly wounded.
The worm bites you!
* * * LOW HITPOINT WARNING * * *
It was a potion of degeneration.
There was something very wrong with that liquid.
You feel weakened.
You feel dopey.
You feel clumsy. The worm bites you!
You die...

..... ...(# .....
#.#w# #.#.# #. #.#.#
.# #. #.#(# .# #.
#######.#(### ##. #.
#....@w(....# #.. ##.
#.#####.#(#.###.####..
#.# ##.#.#.##..<>....
#.# #..#K#.##..####..
#.# #.##.#.##..#####.
#.# #.##.............
#.# #.####.##..######
#)####.####.##..#
#...........##..###...


You could see a worm.

Vanquished Creatures
  An adder (D:2)
  A worm (D:2)
  2 dart slugs
  A leopard gecko (D:1)
  3 giant cockroaches (D:1)
  2 hobgoblins
  A quokka (D:2)
  2 ball pythons (D:1)
  5 bats (D:1)
  A frilled lizard (D:2)
  3 kobolds (D:2)
22 creatures vanquished.

Notes
Turn   | Place    | Note
-------+----------+-------------------------------------------
     0 | Abyss:1  | Glamhuggeren the Demonspawn Abyssal Knight began the quest
                  | for the Orb.
     0 | Abyss:1  | Reached XP level 1. HP: 18/18 MP: 2/2
     0 | D:1      | Escaped the Abyss
    92 | D:1      | Reached skill level 1 in Dodging
   283 | D:1      | Reached * piety under Lugonu
   283 | D:1      | Gained mutation: You sometimes gain a little power by
                  | taking damage. [demonic ancestry]
   283 | D:1      | Reached XP level 2. HP: 23/24 MP: 3/3
   816 | D:2      | Found a shimmering altar of Xom.
   948 | D:2      | Gained mutation: You are partially covered in molten
                  | scales. (AC +2) [demonic ancestry]
   948 | D:2      | Reached XP level 3. HP: 29/29 MP: 5/5
  1062 | D:2      | Slain by a worm

Skill      XL: |  1  2  3 |
---------------+----------+-----
Long Blades    | 2 |  2.5
Dodging        | 1 |  1.0
Armour         | 2 |  2.2
Invocations    | 3 |  3.0
Fighting       | |  3.2

Action                   || total
-------------------------++-------
Melee: Falchion          ||    48
       Dagger            ||    13
       Hand axe          ||    25
Throw: Stone             ||     8
Invok: Depart the Abyss  ||     1
  Use: Scroll            ||     2
       Potion            ||     1
Armor: Leather armour    ||    29
Dodge: Dodged            ||    53
       Rpst.: Falchion   ||    15
